 Dungeon Crawl Stone Soup version 0.26-a0-597-gb535b09 (webtiles) character file.

Game seed: 739756312981206014

9 vt the Covered (level 2, 25/27 HPs)
             Began as a Deep Dwarf Fighter on Aug 27, 2020.
             Quit the game on level 1 of the Dungeon.
             The game lasted 00:01:02 (202 turns).

vt the Covered (Deep Dwarf Fighter)                  Turns: 202, Time: 00:01:02

Health: 25/27      AC:  6    Str: 19    XL:     2   Next: 3%
Magic:  2/2        EV:  7    Int:  8    God:
Gold:   26         SH:  9    Dex: 12    Spells: 1/1 levels left

rFire    . . .     SeeInvis .   a - +0 war axe
rCold    . . .     Faith    .   c - +0 kite shield
rNeg     . . .     Spirit   .   b - +0 scale mail
rPois    .         Reflect  .   (no helmet)
rElec    .         Harm     .   (no cloak)
rCorr    .                      (no gloves)
MR       .....                  (no boots)
Stlth    ..........             (no amulet)
HPRegen  0.00/turn              (no ring)
MPRegen  0.08/turn              (no ring)

@: non-regenerating
A: damage resistance, heal wounds, sense surroundings 1, no regeneration
a: Heal Wounds


You were on level 1 of the Dungeon.
You visited 1 branch of the dungeon, and saw 1 of its levels.

You collected 26 gold pieces.

Inventory:

Hand Weapons
 a - a +0 war axe (weapon)
Armour
 b - a +0 scale mail (worn)
 c - a +0 kite shield (worn)
 e - a +0 ring mail
   (You found it on level 1 of the Dungeon)
Scrolls
 f - a scroll of identify {unknown}
 g - 2 scrolls of enchant weapon {unknown}
Potions
 d - a potion of might
 h - a potion of mutation {unknown}


   Skills:
 + Level 2.8 Fighting
 + Level 2.4 Axes
 + Level 3.4 Armour
 + Level 3.4 Shields


You had one spell level left.
You didn't know any spells.
Your spell library was empty.

Dungeon Overview and Level Annotations

Branches:
Dungeon (1/15)

Altars:


Innate Abilities, Weirdness & Mutations

You are resistant to damage.
You can heal yourself by infusing magical energy.
You passively map a small area around you.
You do not regenerate.


Message History

Saving game... please wait.
Bad bindkey bracketing in '\{9} CMD_AUTOFIGHT' Welcome back, vt the Deep Dwarf Fighter.
Press ? for a list of commands and other information.
Saving game... please wait.
Welcome back, vt the Deep Dwarf Fighter.
Press ? for a list of commands and other information.
You block the jackal's attack.
Your shield and scale mail prevent you from hitting the jackal.
The jackal bites you but does no damage.
You block the jackal's attack.
The jackal bites you but does no damage.
You slash the jackal!
You kill the jackal!
You have reached level 2!
You closely miss the jackal.
The jackal bites you but does no damage.
You block the jackal's attack. The jackal barely misses you.
The jackal bites you but does no damage.
Are you sure you want to abandon this character and quit the game? (Confirm with "yes".)

#,#.#.#.##........# ,
#.#!....##........#
##.......##........#
,
,.[........+........#
,.######..##........#
, #.......###...#####
, #.#####.# #†#######
#.......#
#.......##### *
*#..####@#
#######.#...# ,
......hh#* #.#.#.##
....#...., #.#.#..# *
## #..?..* #....... ,
+..>..# #.......
#.....# #......† * ,
#.....# #....... ,,
#.....# ######## #


You could see 2 jackals.

Vanquished Creatures
  A dart slug (D:1)
  A giant cockroach (D:1)
  2 goblins (D:1)
  A jackal (D:1)
  A kobold (D:1)
6 creatures vanquished.

Notes
Turn   | Place    | Note
-------+----------+-------------------------------------------
     0 | D:1      | vt the Deep Dwarf Fighter began the quest for the Orb.
     0 | D:1      | Reached XP level 1. HP: 20/20 MP: 1/1
   201 | D:1      | Reached XP level 2. HP: 25/27 MP: 2/2
   202 | D:1      | Quit the game

Illustrated notes

Levels and vault maps discovered:
D:1:      dpeg_arrival_tiny_h, layout_basic

Action                   || total
-------------------------++-------
Melee: War axe           ||    13
Armor: Ring mail         ||     4
       Scale mail        ||     5
Dodge: Dodged            ||     7
Block: Kite shield       ||    11

Table legend: (Time is in decaauts)
 A = Elapsed time spent in this place.
 B = Non-inter-level travel time spent in this place.
 C = Inter-level travel time spent in this place.
 D = Time resting spent in this place.
 E = Time spent auto-exploring this place.
 F = Levels seen in this place.
 G = Mean time per level.
                   A        B        C        D        E       F      G
               +--------+--------+--------+--------+--------+-----+--------+
         Total |    232 |    232 |      0 |      0 |     51 |   1 |  232.0 |
       Dungeon |    232 |    232 |      0 |      0 |     51 |   1 |  232.0 |
               +--------+--------+--------+--------+--------+-----+--------+

Top non-repeatable levels by time:
     D:1: 232 daAuts
